 Dungeon Crawl Stone Soup version 0.27-a0-416-gca2cecf3c0 (webtiles) character file.

Game seed: 13165855843044219512

130 Gaff the Sneak (level 4, -1/34 HPs)
             Began as a Vampire Brigand on Feb 25, 2021.
             Was an Initiate of Makhleb.
             Slain by Crazy Yiuf
             ... wielding a +3 quarterstaff of chaos
              (7 damage)
             ... on level 2 of the Dungeon.
             The game lasted 00:09:46 (1837 turns).

Gaff the Sneak (Vampire Brigand)                    Turns: 1837, Time: 00:09:46

Health: -1/34      AC:  3    Str:  7 (10) XL:     4   Next: 89%
Magic:  13/13      EV: 12    Int: 10 (13) God:    Makhleb [......]
Gold:   79         SH:  0    Dex: 15 (16) Spells: 3/3 levels left

rFire    . . .     SeeInvis +   a - +2 dagger
rCold    . . .     Faith    .   (no shield)
rNeg     . . .     Spirit   .   b - +0 robe
rPois    .         Reflect  .   (no helmet)
rElec    .         Harm     .   c - +0 cloak
rCorr    .         Rampage  .   (no gloves)
Will     .....                  (no boots)
Stlth    ++++......             (no amulet)
HPRegen  0.31/turn              k - ring of magical power
MPRegen  0.13/turn              (no ring)

@: regenerating quickly
A: fangs 3, see invisible, unbreathing
a: Exsanguinate, Renounce Religion


You were on level 2 of the Dungeon.
You worshipped Makhleb.
Makhleb was noncommittal.
You visited 1 branch of the dungeon, and saw 2 of its levels.

You collected 79 gold pieces.

Inventory:

Hand Weapons
 a - a +2 dagger (weapon)
 n - a +1 dagger of electrocution
Missiles
 d - 8 poisoned darts (quivered)
 e - 2 curare-tipped darts
 j - 106 stones
 r - 2 silver javelins
 s - 2 datura-tipped darts
Armour
 b - a +0 robe (worn)
 c - a +0 cloak (worn)
 m - a +0 ring mail
Jewellery
 k - a ring of magical power (left hand)
Wands
 u - a wand of paralysis (8)
Scrolls
 f - a scroll of magic mapping {unknown}
 h - 3 scrolls of identify {unknown}
 i - a scroll of immolation {unknown}
 o - a scroll of fog {unknown}
 x - a scroll of amnesia {unknown}
Potions
 g - 4 potions of curing
 l - 2 potions of heal wounds {unknown}
 p - 2 potions of degeneration
 q - a potion of ambrosia {unknown}
 t - a potion of lignification {unknown}
 v - 2 potions of cancellation {unknown}
 w - a potion of flight {unknown}


   Skills:
 + Level 2.4 Fighting
 + Level 3.8 Short Blades
 + Level 1.7 Throwing
 + Level 1.9 Dodging
 + Level 7.2 Stealth


You had 3 spell levels left.
You didn't know any spells.
Your spell library was empty.

Dungeon Overview and Level Annotations

Branches:
Dungeon (2/15)

Altars:
Gozag
Makhleb
Ru

Annotations:
D:2 Crazy Yiuf


Innate Abilities, Weirdness & Mutations

Your natural rate of healing is unusually fast.
You have razor-sharp teeth.
You have supernaturally acute eyesight. (SInv)
You can survive without breathing.


Message History

You open the door.
There is an open door here.
You see here a +0 mace.
You see here a +0 mace.
You are a level 4 Vampire Brigand.
You are 89% of the way to level 5.
Play time: 00:09:10 (1800 turns).
Zot will find you in 10227 turns if you stay in this branch and explore no new floors.
You hit the bush but do no damage.
You see here a +0 mace.
You see here a +0 mace.
You are a level 4 Vampire Brigand.
You are 89% of the way to level 5.
Play time: 00:09:24 (1813 turns).
Zot will find you in 10214 turns if you stay in this branch and explore no new floors.
You see here a +0 mace.
You see here a +0 mace.
You see here a +0 mace.
Crazy Yiuf shouts!
You open the door. You closely miss Crazy Yiuf.
Crazy Yiuf hits you with a +3 quarterstaff of chaos.
You hit Crazy Yiuf.
Crazy Yiuf is lightly wounded.
You hit Crazy Yiuf.
Crazy Yiuf is lightly wounded.
Crazy Yiuf hits you with a +3 quarterstaff of chaos!
You hit Crazy Yiuf.
Crazy Yiuf is moderately wounded.
Crazy Yiuf yells, "Spliff leg poople!"
Crazy Yiuf closely misses you.
You hit Crazy Yiuf.
Crazy Yiuf is moderately wounded.
Crazy Yiuf hits you with a +3 quarterstaff of chaos!
* * * LOW HITPOINT WARNING * * *
Crazy Yiuf burns you.
* * * LOW HITPOINT WARNING * * *
It was a potion of degeneration.
There was something very wrong with that liquid.
You feel weakened.
You feel dopey.
You feel clumsy.
Crazy Yiuf hits you with a +3 quarterstaff of chaos!
You die...

#.#...).#.#
#................###.
........#.###......###########
#. ..#................#
########. .......<.###########
#........ #.#.#....# #####.##.
#.#.#....# ######## #.##.
#.#.#....# ### ###.#.P+)##
#.... #.#.#....#
#...##..#....))######.
#.#.#..###
#...g@####PP.)........
....#..# #)..### ##P'...#.....
.......### ### #####.#.....
.........# #.#..### .........#
##.#..#.. .........###
#####.....#.# ...........#
#)........#.. #'#........#
#.........#.# #..........#
#####.........#.#


You could see Crazy Yiuf.

Vanquished Creatures
  A hound (D:2)
  3 adders (D:2)
  2 oozes (D:1)
  3 worms (D:2)
  2 dart slugs
  3 giant cockroaches
  6 goblins
  7 hobgoblins
  4 jackals (D:1)
  A quokka (D:2)
  2 ball pythons (D:1)
  2 bats (D:2)
  4 frilled lizards
  9 kobolds
  3 rats (D:1)
52 creatures vanquished.

Notes
Turn   | Place    | Note
-------+----------+-------------------------------------------
     0 | D:1      | Gaff the Vampire Brigand began the quest for the Orb.
     0 | D:1      | Reached XP level 1. HP: 16/16 MP: 1/1
    77 | D:1      | Reached skill level 6 in Stealth
   102 | D:1      | Reached XP level 2. HP: 10/22 MP: 2/2
   511 | D:1      | Reached XP level 3. HP: 27/27 MP: 3/3
   759 | D:1      | Found a burning altar of Makhleb.
   764 | D:1      | Became a worshipper of Makhleb the Destroyer
   986 | D:2      | Found a runed translucent door.
   987 | D:2      | Noticed Crazy Yiuf
  1051 | D:2      | Found a sacrificial altar of Ru.
  1143 | D:2      | Reached XP level 4. HP: 22/33 MP: 4/4
  1363 | D:2      | Found a burning altar of Makhleb.
  1367 | D:2      | Reached skill level 7 in Stealth
  1453 | D:2      | Found an opulent altar of Gozag.
  1837 | D:2      | Slain by Crazy Yiuf

Illustrated notes

Levels and vault maps discovered:
D:1:      minmay_arrival_five_plusses, layout_rooms, hangedman_decor_push,
          minmay_hexomino_r4
D:2:      layout_basic, makhleb_blood_cavern_becter, grunt_gozag_statues,
          nicolae_ru_awakened_eye, uniq_crazy_yiuf_cottage

Skill      XL: |  1  2  3  4 |
---------------+-------------+-----
Stealth        | 6 7 |  7.2
Fighting       | 2 |  2.4
Short Blades   | 3 |  3.8
Throwing       | |  1.7
Dodging        | |  1.9

Action                   |  1- 3 |  4- 6 || total
-------------------------+-------+-------++-------
Melee: Dagger            |   145 |    56 ||   201
       Bite              |    17 |     6 ||    23
  Use: Potion            |     1 |     1 ||     2
 Stab: Distracted        |     3 |       ||     3
       Sleeping          |     3 |     7 ||    10
Armor: Robe              |    25 |     2 ||    27
Dodge: Dodged            |    81 |    18 ||    99

Table legend: (Time is in decaauts)
 A = Elapsed time spent in this place.
 B = Non-inter-level travel time spent in this place.
 C = Inter-level travel time spent in this place.
 D = Time resting spent in this place.
 E = Time spent auto-exploring this place.
 F = Levels seen in this place.
 G = Mean time per level.
                   A        B        C        D        E       F      G
               +--------+--------+--------+--------+--------+-----+--------+
         Total |   1808 |   1772 |     36 |    159 |    933 |   2 |  904.0 |
       Dungeon |   1808 |   1772 |     36 |    159 |    933 |   2 |  904.0 |
               +--------+--------+--------+--------+--------+-----+--------+

Top non-repeatable levels by time:
     D:1: 931 daAuts
     D:2: 877 daAuts
